 Dungeon Crawl Stone Soup version 0.18-a0-1229-ge9a1a01 (webtiles) character file.

35 opkc the Grave Robber (level 3, -2/24 HPs)
             Began as a Human Necromancer on Feb 4, 2016.
             Was an Initiate of Gozag.
             Slain by a gnoll
             ... wielding a cursed -1 spear
             ... created by the fury of Okawaru
              (6 damage)
             ... on level 3 of the Dungeon.
             The game lasted 00:28:57 (1709 turns).

opkc the Grave Robber (Human Necromancer)           Turns: 1709, Time: 00:28:57

Health: -2/24      AC:  4    Str:  8    XL:     3   Next: 52%
Magic:  0/6        EV: 11    Int: 16    God:    Gozag
Gold:   118        SH:  0    Dex: 13    Spells: 3 memorised, 1 level left

rFire  . . .     SeeInvis .     k - +0 mace
rCold  + . .     Gourm    .     f - +0 leather armour
rNeg   . . .     Faith    .     (no shield)
rPois  .         Spirit   .     (no helmet)
rElec  .         Dismiss  .     z - +0 cloak
rCorr  .         Reflect  .     (no gloves)
SustAt .         Harm     .     (no boots)
MR     .....                    (no amulet)
Stlth  +.........               (no ring)
                                o - ring of protection from cold

@: drained, not resistant to hostile enchantments, very unstealthy
A: no striking features
a: Potion Petition, Call Merchant, Bribe Branch, Renounce Religion


You were on level 3 of the Dungeon.
You worshipped Gozag.
Gozag was noncommittal.
You were not hungry.

You visited 1 branch of the dungeon, and saw 3 of its levels.

You collected 140 gold pieces.
You paid 22 gold pieces to Gozag.

Inventory:

Hand Weapons
 d - a +0 short sword
 k - a +0 mace (weapon)
 m - a cursed -3 short sword
 q - a +0 hunting sling
 r - a +0 dagger
 t - a +0 spear
 y - a +0 club
 A - a +0 club
 D - a cursed -1 whip
 K - a +0 quarterstaff
Missiles
 n - 21 arrows
 C - 20 stones
 E - 17 sling bullets
 F - 3 javelins
 I - 19 arrows of flame
 J - 3 silver tomahawks (quivered)
Armour
 a - a +0 robe
 f - a +0 leather armour (worn)
 g - a cursed +0 robe
 x - a +0 robe
 z - a +0 cloak (worn)
 G - a +0 plate armour
Jewellery
 o - a ring of protection from cold (left hand)
Scrolls
 i - 3 scrolls of immolation
 j - 2 scrolls of identify
 p - a scroll of enchant weapon {unknown}
 s - a scroll of remove curse {unknown}
 v - a scroll of recharging {unknown}
Potions
 e - a potion of agility {unknown}
 l - a potion of heal wounds {unknown}
 u - a potion of curing {unknown}
 w - a potion of cancellation {unknown}
 H - a potion of ambrosia {unknown}
Books
 b - a book of Necromancy

   Spells                             Type                      Level
   a - Pain                           Necromancy                   1
   b - Animate Skeleton               Necromancy                   1
   c - Vampiric Draining              Necromancy                   3
   d - Regeneration                   Charms/Necromancy            3
   e - Animate Dead                   Necromancy                   4
   f - Control Undead                 Necromancy                   4
Comestibles
 c - 2 bread rations
 h - 2 meat rations
 B - 3 fruits


   Skills:
 + Level 0.2(0.0) Fighting
 + Level 0.2(0.0) Maces & Flails
 + Level 0.2(0.0) Armour
 + Level 2.2(1.1) Dodging
 + Level 2.1(1.1) Stealth
 + Level 2.3(1.3) Spellcasting
 + Level 4.5(3.3) Necromancy


You had one spell level left.
You knew the following spells:

 Your Spells              Type           Power        Failure   Level  Hunger
a - Pain                  Necr           ##..         10%         1    ##.....
b - Animate Skeleton      Necr           N/A          10%         1    ##.....
c - Vampiric Draining     Necr           ##........   28%         3    ####...


Dungeon Overview and Level Annotations

Branches:
Dungeon (3/15)

Altars:
Gozag
Okawaru
Pakellas

Shops:
D:2 *


Message History

Okawaru sends forces against you! 4 gnolls and a gnoll sergeant come into view.
The gnoll shouts! x4; You hear a shout!
A bat comes into view.
You closely miss the gnoll. The gnoll hits you but does no damage.
The gnoll barely misses you. The gnoll sergeant closely misses you.
A kobold comes into view.
The gnoll hits you. The gnoll hits you with a spear.
The gnoll sergeant hits you from afar with a trident!
* * * LOW HITPOINT WARNING * * *
The bat hits you but does no damage. The gnoll closely misses you.
The bat hits you.
* * * LOW HITPOINT WARNING * * *
The bat hits you.
* * * LOW HITPOINT WARNING * * *
The bat closely misses you. The bat hits you but does no damage.
The gnoll hits you from afar with a spear.
You die...
Your body crumbles into a pile of gold.

#. #. #. #.
#.#####
#.....#####
#....?...#
#@..g....#
#g.gb....#
#..g.....####
#K.g........#
+...........###
#.>.........).#
##.........#.#.#
...........#.# #
######......#.#


You could see a gnoll sergeant, 4 gnolls, a bat and a kobold.

Vanquished Creatures
  An ooze (D:1)
  A giant gecko (D:3)
  A giant cockroach (D:1)
  2 goblins
  A hobgoblin (D:2)
  3 jackals (D:2)
  4 kobolds
  6 bats
  A giant newt (D:3)
  2 rats
22 creatures vanquished.

Vanquished Creatures (collateral kills)
  An ooze (D:1)
  A giant newt (D:2)
2 creatures vanquished.

Grand Total: 24 creatures vanquished

Notes
Turn   | Place    | Note
--------------------------------------------------------------
     0 | D:1      | opkc the Human Necromancer began the quest for the Orb.
     0 | D:1      | Reached XP level 1. HP: 13/13 MP: 3/3
     2 | D:1      | Learned a level 1 spell: Animate Skeleton
   102 | D:1      | Reached XP level 2. HP: 17/19 MP: 3/5
   754 | D:2      | Found Gozag's Platinum Reserve.
   802 | D:2      | Reached XP level 3. HP: 24/24 MP: 4/6
   807 | D:2      | Learned a level 3 spell: Vampiric Draining
   892 | D:2      | Found an iron altar of Okawaru.
   919 | D:2      | Became a worshipper of Warmaster Okawaru
   979 | D:2      | Found a faded altar to an unknown god.
   996 | D:2      | Fell from the grace of Okawaru
   996 | D:2      | Became a worshipper of Pakellas the Inventive
   996 | D:2      | Reached * piety under Pakellas
  1018 | D:2      | Fell from the grace of Pakellas
  1045 | D:2      | Found an opulent altar of Gozag.
  1069 | D:2      | Became a worshipper of Gozag Ym Sagoz the Greedy
  1702 | D:3      | Noticed a gnoll sergeant
  1709 | D:3      | Slain by a gnoll

Vault maps used:
D:1:      ncdulo_watergridlock, minmay_misc_feat_chi
D:2:      nicolae_gozag_zags_fifth_avenue, ecumenical_altar_2, first_bread,
          okawaru_trees_1
D:3:      grunt_ministairs_4, nemelex_xobeh_ov_fountains_minmay

Action                   || total
-------------------------++-------
Melee: Short sword       ||     2
       Mace              ||    19
 Cast: Pain              ||    26
       Animate Skeleton  ||     4
       Vampiric Draining ||     1
Invok: Potion Petition   ||     1
       Renounce Religion ||     1
  Use: Scroll            ||     4
  Eat: Beef jerky        ||     1
       Chunk             ||     1
